 Dungeon Crawl Stone Soup version 0.26-a0-949-ga0cc1ef5f6 (webtiles) character file.

Game seed: 1721766186680718098

254 miscthings the Slinger (level 6, -1/39 HPs)
             Began as a Halfling Hunter on Nov 28, 2020.
             Was a Follower of Okawaru.
             Killed by divine providence
             ... invoked by an orc priest
              (8 damage)
             ... on level 3 of the Dungeon.
             The game lasted 00:03:14 (2475 turns).

miscthings the Slinger (Halfling Hunter)            Turns: 2475, Time: 00:03:15

Health: -1/39      AC:  6    Str: 15    XL:     6   Next: 37%
Magic:  6/6        EV: 15    Int:  9    God:    Okawaru [*.....]
Gold:   231        SH:  0    Dex: 15    Spells: 5/5 levels left

rFire    + . .     SeeInvis .   a - +1 hunting sling
rCold    + . .     Faith    .   (shield restricted)
rNeg     . . .     Spirit   .   q - +1 robe {rC+ rF+}
rPois    .         Reflect  .   e - +1 helmet
rElec    .         Harm     .   n - +0 cloak
rCorr    .         Rampage  .   (no gloves)
MR       .....                  (no boots)
Stlth    ++........             (no amulet)
HPRegen  0.13/turn              (no ring)
MPRegen  0.10/turn              (no ring)

@: no status effects
A: small, mutation resistance 1
a: Heroism, Renounce Religion


You were on level 3 of the Dungeon.
You worshipped Okawaru.
Okawaru was aware of your devotion.
You visited 1 branch of the dungeon, and saw 3 of its levels.

You collected 231 gold pieces.

Inventory:

Hand Weapons
 a - a +1 hunting sling (weapon)
 b - a +0 short sword
Missiles
 d - 22 sling bullets (quivered)
 h - a throwing net
Armour
 e - a +1 helmet (worn)
 n - a +0 cloak (worn)
 q - a +1 robe of resistance (worn)
Scrolls
 g - a scroll of remove curse {unknown}
 i - 2 scrolls of magic mapping {unknown}
 j - 2 scrolls of identify {unknown}
 k - a scroll of enchant weapon {unknown}
Potions
 c - a potion of heal wounds {unknown}
 f - 2 potions of haste {unknown}
 l - a potion of experience {unknown}
 m - 2 potions of curing {unknown}
 o - a potion of might {unknown}
 p - 2 potions of degeneration {unknown}
 r - a potion of attraction {unknown}
 t - 2 potions of ambrosia {unknown}


   Skills:
 - Level 1.7 Fighting
 + Level 10.3 Slings
 - Level 2.1 Dodging
 - Level 1.1 Stealth


You had 5 spell levels left.
You didn't know any spells.
Your spell library was empty.

Dungeon Overview and Level Annotations

Branches:
Dungeon (3/15)

Altars:
Elyvilon
Fedhas
Gozag
Kikubaaqudgha
Nemelex Xobeh
Okawaru


Innate Abilities, Weirdness & Mutations

You are small and have problems with some larger weapons.
You are somewhat resistant to further mutation.


Message History

The orc priest is severely wounded.
The orc priest hits you with a +0 war axe.
* * * LOW HITPOINT WARNING * * *
Okay, then.
Fire: 24 sling bullets
Press: ? - help, Q - select action, (/) - cycle Shift-Dir - straight line, f/p - orc priest
Aim: an orc priest, wielding a +0 war axe and wearing a +0 chain mail (almost dead)
You shoot a sling bullet.
The sling bullet completely misses the orc priest.
The sling bullet hits the orc priest.
The orc priest is almost dead.
Fire: 23 sling bullets
Press: ? - help, Q - select action, (/) - cycle Shift-Dir - straight line, f/p - orc priest
Aim: an orc priest, wielding a +0 war axe and wearing a +0 chain mail (almost dead)
You shoot a sling bullet. The sling bullet hits the orc priest.
You kill the orc priest!
Okawaru accepts your kill.
The orc priest invokes the aid of Beogh against you.
Beogh smites you!
You die...

#(# #)#....... #.(#
#.#.##.######## .($
........)..#
#.(#####.##+##'#####
#..(. .. #.........#
#.lo### #.........# #o#
#.........# #)#
#.........# #@##
#.........# #..#
#.......... ##.##
#....###### #..#
#....#..... ##.##
#....'.....
######..###)...#.....
...........'....#.....
.#########..##....######
.......)......^.#.......


You could see an orc priest, an orc and a leopard gecko.

Vanquished Creatures
  A sky beast (D:3)
  An orc priest (D:3)
  An iguana (D:3)
  Jessica (D:3)
  Robin (D:3)
  4 adders
  An ooze (D:2)
  A worm (D:2)
  2 leopard geckos (D:3)
  An orc (D:3)
  3 bats
  4 giant cockroaches
  9 goblins
  9 hobgoblins
  3 jackals (D:1)
  4 kobolds (D:1)
  2 quokkas (D:2)
  2 ball pythons (D:1)
  A frilled lizard (D:1)
  2 rats
53 creatures vanquished.

Notes
Turn   | Place    | Note
-------+----------+-------------------------------------------
     0 | D:1      | miscthings the Halfling Hunter began the quest for the Orb.
     0 | D:1      | Reached XP level 1. HP: 14/14 MP: 1/1
    61 | D:1      | Reached skill level 6 in Slings
   129 | D:1      | Reached XP level 2. HP: 17/19 MP: 2/2
   442 | D:1      | Reached skill level 7 in Slings
   442 | D:1      | Reached XP level 3. HP: 24/24 MP: 3/3
  1154 | D:2      | Reached XP level 4. HP: 29/29 MP: 4/4
  1227 | D:2      | Reached skill level 8 in Slings
  1436 | D:2      | Found a blossoming altar of Fedhas.
  1493 | D:2      | Found a white marble altar of Elyvilon.
  1493 | D:2      | Found an opulent altar of Gozag.
  1496 | D:2      | Found an iron altar of Okawaru.
  1497 | D:2      | Found an ancient bone altar of Kikubaaqudgha.
  1499 | D:2      | Found a sparkling altar of Nemelex Xobeh.
  1572 | D:2      | Became a worshipper of Warmaster Okawaru
  2131 | D:3      | Noticed Jessica
  2133 | D:3      | Killed Jessica
  2134 | D:3      | Reached XP level 5. HP: 34/34 MP: 5/5
  2203 | D:3      | Reached skill level 9 in Slings
  2212 | D:3      | Noticed Robin
  2217 | D:3      | Noticed a sky beast
  2258 | D:3      | Killed Robin
  2330 | D:3      | Killed a sky beast
  2330 | D:3      | Reached * piety under Okawaru
  2331 | D:3      | Reached skill level 10 in Slings
  2331 | D:3      | Reached XP level 6. HP: 39/39 MP: 6/6
  2475 | D:3      | Killed from afar by an orc priest

Illustrated notes

Levels and vault maps discovered:
D:1:      lemuel_arrival_funnel, layout_loops_cross, minmay_misc_feat_doors,
          st_stairs_9, minmay_pentomino_o4
D:2:      layout_basic, minitemple, fedhas_altar_1
D:3:      layout_basic, st_stairs_3, kennysheep_decorative_pillar,
          nrook_mini_vaults, uniq_robin, uniq_jessica

Skill      XL: |  1  2  3  4  5 |
---------------+----------------+-----
Slings         | 6 7 8 10 | 10.3
Fighting       | |  1.7
Dodging        | |  2.1
Stealth        | |  1.1

Action                   |  1- 3 |  4- 6 || total
-------------------------+-------+-------++-------
 Fire: Hunting sling     |   110 |   120 ||   230
Armor: Leather armour    |     6 |     1 ||     7
       Robe              |       |     1 ||     1
Dodge: Dodged            |    43 |    22 ||    65

Table legend: (Time is in decaauts)
 A = Elapsed time spent in this place.
 B = Non-inter-level travel time spent in this place.
 C = Inter-level travel time spent in this place.
 D = Time resting spent in this place.
 E = Time spent auto-exploring this place.
 F = Levels seen in this place.
 G = Mean time per level.
                   A        B        C        D        E       F      G
               +--------+--------+--------+--------+--------+-----+--------+
         Total |   2429 |   2339 |     90 |    235 |   1703 |   3 |  809.7 |
       Dungeon |   2429 |   2339 |     90 |    235 |   1703 |   3 |  809.7 |
               +--------+--------+--------+--------+--------+-----+--------+

Top non-repeatable levels by time:
     D:2: 1137 daAuts
     D:1: 751 daAuts
     D:3: 541 daAuts
